AoeStats
← ¬koJ

Nomad

509239579Analyzed
3v3 RM · 7d ago on Sep 26, 2026· 26m 18s· 6 players
Game mode
Random Map
Map size
210×210
Population
200
Speed
Normal
Resources
Standard
Victory
Conquest
Starting age
Dark Age
Ending age
Imperial Age
RankedLock teamsTeams togetherTeam positionsShared explorationLock speedFull tech treeHidden civsTurbo modeCheats
Victory
Defeat
🇨🇳 Malians · China
1114
+14
🇨🇳 Franks · China
1108
+14
🇭🇰 Vietnamese · Hong Kong SAR China
1049
+16
🇧🇷 Danes · Brazil
1074
-15
🇧🇷 Japanese · Brazil
1067
-15
🇧🇷 Wei · Brazil
1044
-14
KG.专业开脑壳
5:51 Loom
13:44 Feudal Age
16:02 Double-Bit Axe
18:23 Castle Age
16:19 Stone Mining
16:50 Horse Collar
25:15 Wheelbarrow
139
5:37 Loom
14:48 Feudal Age
18:54 Castle Age
17:47 Forging
18:12 Scale Barding Armor
19:03 Double-Bit Axe
20:54 Wheelbarrow
23:39 Hand Cart
26:31 Bow Saw
思念漫太古
3:48 Loom
16:30 Feudal Age
17:08 Stone Mining
17:20 Fishing Lines
21:31 Double-Bit Axe
Zulks
7:20 Loom
16:19 Feudal Age
24:25 Castle Age
24:02 Scale Mail Armor
24:12 Forging
¬koJ
10:19 Loom
16:54 Feudal Age
17:36 Man-at-Arms
18:51 Double-Bit Axe
20:00 Arson
20:20 Scale Mail Armor
23:04 Castle Age
23:52 Forging
24:20 Gold Mining
24:26 Pikeman
Nebrown#1 JUGGERNAUT
8:13 Loom
15:14 Feudal Age
16:42 Double-Bit Axe
21:49 Castle Age
21:59 Fishing Lines
24:11 Padded Archer Armor
Connection lost

Rejoining the realm…

Still unreachable

The connection could not be restored.

Session expired

The server has moved on; the page needs a fresh start.